AoeStats
← frashmiguel

Black Forest

506739548Analyzed
4v4 RM · 17d ago on Sep 14, 2026· 40m 43s· 8 players
Game mode
Random Map
Map size
Large (8 player)
Population
200
Speed
Normal
Resources
Standard
Victory
Conquest
Starting age
Dark Age
Ending age
Imperial Age
RankedLock teamsTeams togetherTeam positionsShared explorationLock speedFull tech treeHidden civsTurbo modeCheats
Victory
Defeat
🇦🇷 Wei · Argentina
1058
+12
🇦🇷 Turks · Argentina
997
+14
🇦🇷 Vietnamese · Argentina
967
+15
🇦🇷 Britons · Argentina
902
+17
🇨🇦 Huns · Canada
1000
-51
🇻🇪 Inca · Venezuela
964
-15
🇵🇪 Hindustanis · Peru
947
-14
🇦🇷 Magyars · Argentina
897
-12
marshall_o18
1:03 Loom
12:10 Feudal Age
17:35 Castle Age
16:52 Double-Bit Axe
18:30 Pikeman
32:28 Imperial Age
32:34 Imperial Age
30:41 Fletching
31:01 Forging
30:57 Gold Mining
31:40 Grand Trunk Road
32:13 Scale Barding Armor
32:07 Arson
32:23 Squires
LUC
2:00 Loom
12:42 Feudal Age
18:59 Castle Age
17:54 Man-at-Arms
20:41 Double-Bit Axe
21:41 Stone Mining
30:19 Horse Collar
32:30 Gold Mining
33:50 Bow Saw
37:24 Heavy Plow
olaheric114
15:36 Feudal Age
20:21 Double-Bit Axe
24:11 Horse Collar
28:58 Castle Age
32:12 Wheelbarrow
32:49 Crossbowman
33:48 Padded Archer Armor
frashmiguel
0:27 Loom
15:59 Feudal Age
20:44 Castle Age
20:25 Wheelbarrow
19:38 Double-Bit Axe
19:47 Stone Mining
25:20 Fletching
31:13 Imperial Age
33:29 Forging
33:20 Scale Mail Armor
33:53 Conscription
35:32 Chain Mail Armor
35:14 Elite Skirmisher
36:46 Iron Casting
loto95
2:19 Loom
13:17 Feudal Age
16:03 Double-Bit Axe
16:13 Stone Mining
17:03 Gold Mining
17:35 Horse Collar
19:57 Castle Age
20:26 Wheelbarrow
20:51 Bow Saw
31:58 Imperial Age
39:51 Padded Archer Armor
39:54 Scale Mail Armor
40:06 Forging
40:06 Scale Barding Armor
40:11 Spies/Treason
INSANE-
5:01 Loom
10:22 Feudal Age
11:05 Double-Bit Axe
11:41 Horse Collar
13:29 Wheelbarrow
18:14 Castle Age
17:28 Gold Mining
17:31 Stone Mining
19:17 Bow Saw
22:27 Stone Shaft Mining
23:38 Hand Cart
25:19 Town Watch
29:32 Imperial Age
30:03 Thumb Ring
30:55 Padded Archer Armor
33:11 Ballistics
32:43 Fletching
32:59 Husbandry
33:09 Bloodlines
34:12 Parthian Tactics
34:23 Ming Guang Armor
36:21 Chemistry
35:37 Leather Archer Armor
36:53 Conscription
36:29 Bodkin Arrow
Emperador Siziña
0:49 Loom
11:16 Feudal Age
13:34 Double-Bit Axe
15:11 Horse Collar
16:43 Wheelbarrow
19:03 Fletching
21:55 Stone Mining
21:56 Gold Mining
25:00 Castle Age
26:03 Hand Cart
26:01 Bow Saw
25:57 Heavy Plow
26:53 Stone Shaft Mining
28:38 Bodkin Arrow
31:49 Forging
31:44 Scale Barding Armor
32:09 Bloodlines
32:00 Husbandry
35:43 Imperial Age
37:45 Iron Casting
38:53 Chain Barding Armor
39:36 Elite Battle Elephant
is+
5:12 Loom
11:21 Feudal Age
12:03 Double-Bit Axe
12:00 Horse Collar
19:04 Castle Age
20:15 Wheelbarrow
22:26 Heavy Plow
22:17 Stone Mining
22:42 Bow Saw
22:23 Town Watch
26:25 Wheelbarrow
25:27 Pikeman
26:11 Fletching
28:12 Hand Cart
33:31 Imperial Age
32:01 Forging
32:36 Ballistics
32:22 Bodkin Arrow
32:40 Gold Mining
32:56 Scale Mail Armor
36:49 Padded Archer Armor
37:51 Bracer
38:26 Yeomen
38:26 Conscription
39:00 Elite Longbowman
40:19 Leather Archer Armor
Connection lost

Rejoining the realm…

Still unreachable

The connection could not be restored.

Session expired

The server has moved on; the page needs a fresh start.